 Dungeon Crawl Stone Soup version 0.28.0-43-g3370ac3207 (webtiles) character file.

Game seed: 3060479854044838858

620 issech the Cudgeller (level 7, -6/68 HPs)
             Began as a Troll Monk on Mar 8, 2022.
             Mangled by a wyvern zombie (7 damage)
             ... on level 5 of the Dungeon.
             The game lasted 00:10:41 (3416 turns).

issech the Cudgeller (Troll Monk)                   Turns: 3416, Time: 00:10:41

Health: -6/68      AC:  5    Str: 20    XL:     7   Next: 22%
Magic:  6/6        EV: 11    Int:  6    God:
Gold:   153        SH:  0    Dex: 14    Spells: 6/6 levels left

rFire   . . .      SeeInvis .   n - +0 mace (drain)
rCold   . . .      Faith    .   (no shield)
rNeg    . . .      Spirit   .   b - +0 robe
rPois   +          Reflect  .   (helmet restricted)
rElec   .          Harm     .   y - +0 cloak
rCorr   .          Rampage  .   (gloves unavailable)
Will    .....                   (boots unavailable)
Stlth   ++........              (no amulet)
HPRegen 1.01/turn               l - ring of wizardry
MPRegen 0.10/turn               s - ring of poison resistance

@: no status effects
A: large, unfitting armour, claws 3, regeneration 1, shaggy fur 1, tough skin 1
a: no special abilities


You were on level 5 of the Dungeon.
You visited 1 branch of the dungeon, and saw 5 of its levels.

You collected 153 gold pieces.

Inventory:

Hand Weapons
 a - a +0 mace
 d - a +3 quarterstaff of chaos
 j - a +0 dagger of speed
 n - a +0 mace of draining (weapon)
 o - a +0 morningstar
Missiles
 c - 104 stones (quivered)
 e - 43 arrows
 x - 5 boomerangs
 B - 7 poisoned darts
 C - 23 bolts
Armour
 b - a +0 robe (worn)
 y - a +0 cloak (worn)
Jewellery
 l - a ring of wizardry (left claw)
 s - a ring of poison resistance (right claw)
Wands
 p - a wand of flame (8)
Scrolls
 k - a scroll of immolation
 m - a scroll of enchant weapon
 q - a scroll of vulnerability
 v - a scroll of teleportation {unknown}
 w - a scroll of noise {unknown}
 A - a scroll of fog {unknown}
Potions
 f - a potion of flight {unknown}
 g - a potion of might {unknown}
 h - 2 potions of haste {unknown}
 i - a potion of attraction {unknown}
 r - a potion of curing {unknown}
 t - a potion of lignification {unknown}
 u - a potion of heal wounds {unknown}
 z - a potion of ambrosia {unknown}


   Skills:
 + Level 3.8 Fighting
 + Level 5.7 Maces & Flails
 + Level 3.8 Dodging
 + Level 1.7 Stealth


You had 6 spell levels left.
You didn't know any spells.
Your spell library contained the following spells:

 Spells                   Type           Power      Damage    Failure   Level
 Gell's Gravitas          Tloc           0%         N/A       50%         3
 Teleport Other           Tloc           0%         N/A       50%         3
 Dispersal                Tloc           0%         N/A       100%        6


Dungeon Overview and Level Annotations

Branches:
Dungeon (5/15)
 Temple: D:4-7

Altars:
The Shining One

Shops:
D:5 =


Innate Abilities, Weirdness & Mutations

You are too large for most types of armour.
You have claws for hands.
Your natural rate of healing is unusually fast.
You are covered in fur. (AC +1)
You have tough skin. (AC +1)


Message History

You hit the wyvern zombie.
The wyvern zombie is heavily damaged.
The wyvern zombie bites you! The wyvern zombie misses you.
You hit the wyvern zombie but do no damage.
The wyvern zombie is heavily damaged.
The wyvern zombie bites you.
You barely miss the wyvern zombie.
The wyvern zombie is heavily damaged.
The wyvern zombie bites you!
You barely miss the wyvern zombie.
The wyvern zombie is heavily damaged.
The wyvern zombie bites you.
* * * LOW HITPOINT WARNING * * *
The wyvern zombie bites you.
* * * LOW HITPOINT WARNING * * *
You thump the wyvern zombie!
The wyvern zombie is severely damaged.
The wyvern zombie bites you.
* * * LOW HITPOINT WARNING * * *
You hit the wyvern zombie.
The wyvern zombie is severely damaged.
The wyvern zombie bites you but does no damage. x2
You hit the wyvern zombie.
The wyvern zombie is almost destroyed.
The wyvern zombie bites you.
* * * LOW HITPOINT WARNING * * *
You hit the wyvern zombie but do no damage.
The wyvern zombie is almost destroyed.
The wyvern zombie misses you. The wyvern zombie barely misses you.
You hit the wyvern zombie but do no damage.
Your claw misses the wyvern zombie.
The wyvern zombie is almost destroyed.
The wyvern zombie bites you.
* * * LOW HITPOINT WARNING * * *
You hit the wyvern zombie.
The wyvern zombie is almost destroyed.
The wyvern zombie bites you!
* * * LOW HITPOINT WARNING * * *
The wyvern zombie bites you!
You die...

#.# ### #.#
.... ###.##..#
# #####.......#
+.
#...###.###.###
#..
+.8.#..........
#..
#...#.#####.##.
#..#...#.#
#Z@8.'.#
#.#...### #.
#...# .. +.8.#
## #...# #####


You could see a wyvern zombie.

Vanquished Creatures
  A black bear (D:4)
  A necrophage (D:5)
  A kobold brigand (D:4)
  A water moccasin skeleton (D:4)
  Crazy Yiuf (D:2)
  3 hounds
  An orc wizard (D:4)
  A hound skeleton (D:4)
  A gnoll (D:5)
  7 adders
  An adder skeleton (D:4)
  5 worms
  15 orcs
  7 ball pythons
  3 bats
  6 endoplasms
  3 giant cockroaches (D:1)
  4 hobgoblins
  5 kobolds
  4 quokkas
  2 frilled lizards (D:1)
  8 goblins
  2 rats (D:2)
83 creatures vanquished.

Notes
Turn   | Place    | Note
-------+----------+-------------------------------------------
     0 | D:1      | issech the Troll Monk began the quest for the Orb.
     0 | D:1      | Reached XP level 1. HP: 22/22 MP: 0/0
   275 | D:1      | Reached XP level 2. HP: 29/29 MP: 1/1
   593 | D:1      | Reached skill level 3 in Maces & Flails
   859 | D:2      | Reached XP level 3. HP: 34/36 MP: 2/2
   900 | D:2      | Found a faded altar of an unknown god.
  1417 | D:2      | Found a runed translucent door.
  1418 | D:2      | Noticed Crazy Yiuf
  1768 | D:3      | Reached XP level 4. HP: 43/44 MP: 3/3
  2530 | D:2      | Killed Crazy Yiuf
  2531 | D:2      | Reached skill level 4 in Maces & Flails
  2598 | D:4      | Noticed a black bear
  2603 | D:4      | Reached XP level 5. HP: 52/52 MP: 4/4
  2606 | D:4      | Killed a black bear
  2644 | D:4      | Found a glowing golden altar of the Shining One.
  2753 | D:4      | Reached XP level 6. HP: 61/61 MP: 5/5
  2911 | D:4      | Reached skill level 5 in Maces & Flails
  3339 | D:5      | Entered Level 5 of the Dungeon
  3339 | D:5      | Found Dadaonil's Jewellery Shoppe.
  3379 | D:5      | Reached XP level 7. HP: 66/67 MP: 6/6
  3416 | D:5      | HP: 1/68 [wyvern zombie (11)]
  3416 | D:5      | Mangled by a wyvern zombie

Illustrated notes

Levels and vault maps discovered:
D:1:      shiori_arrival_oz, layout_basic, serial_glass, glass_columns_a,
          glass_columns_a
D:2:      layout_basic, hellmonk_ecumenical_altar_blasted,
          uniq_crazy_yiuf_cottage
D:3:      layout_rooms, kennysheep_another_room
D:4:      layout_basic, nicolae_tso_carved_into_rock
D:5:      minmay_chambers_of_threes, layout_loops_ring,
          minmay_temple_entry_tees, nicolae_stop_n_shop_2

Skill      XL: |  1  2  3  4  5  6 |
---------------+-------------------+-----
Maces & Flails | 3 4 5 |  5.7
Dodging        | 3 |  3.8
Fighting       | 3 |  3.8
Stealth        | |  1.7

Action                   |  1- 3 |  4- 6 |  7- 9 || total
-------------------------+-------+-------+-------++-------
Melee: Mace              |   131 |   158 |    38 ||   327
       Punch             |     2 |     1 |     1 ||     4
  Use: Scroll            |       |     2 |       ||     2
 Stab: Sleeping          |     2 |     2 |       ||     4
Armor: Robe              |    55 |    55 |     6 ||   116
Dodge: Dodged            |    83 |    79 |    16 ||   178
